 Dungeon Crawl Stone Soup version 0.29.1-2-gbd0b4ee654 (webtiles) character file.

Game seed: 15580431231452815652

160053 croobank the Spry (level 16, 0/90 HPs)
             Began as a Felid Summoner on Nov 8, 2022.
             Was an Initiate of Gozag.
             Constricted to death by a shambling mangrove (23 damage)
             ... on level 4 of the Swamp on Nov 9, 2022.
             The game lasted 04:11:06 (55248 turns).

croobank the Spry (Felid Summoner)                 Turns: 55248, Time: 04:11:06

Health: 0/90       AC:  3    Str:  8    XL:     16   Next: 91%
Magic:  12/43      EV: 29    Int: 28    God:    Gozag
Gold:   1078       SH:  0    Dex: 17    Spells: 6/42 levels left
                                        Lives:  0   Deaths: 4

rFire   + . .      SeeInvis +   (weapon unavailable)
rCold   + + .      Faith    .   (shield unavailable)
rNeg    . . .      Spirit   .   (body armour unavailable)
rPois   +          Reflect  .   (helmet unavailable)
rElec   +          Harm     .   (cloak unavailable)
rCorr   +          Rampage  .   (gloves unavailable)
Will    ++...                   (boots unavailable)
Stlth   +.........              o - amulet of regeneration
HPRegen 1.05/turn               t - +6 ring of intelligence
MPRegen 0.28/turn               Z - ring of magical power

@: mighty, resistant, grasped by roots, forested, on berserk cooldown, slowed,
constricted, very slow
A: very small, claws 1, fangs 3, see invisible, speed 1, shaggy fur 3, stealthy
paws, no weapons or thrown items, no armour, multi-lived, robust 1, strong 1,
wild magic 2
}: 1/15 runes: serpentine
a: Renounce Religion, Potion Petition, Call Merchant, Bribe Branch


You were on level 4 of the Swamp.
You worshipped Gozag.
Gozag was most pleased with you.
You visited 6 branches of the dungeon, and saw 31 of its levels.
You visited the Abyss 1 time.
You also visited: Bailey.

You collected 11501 gold pieces.
You spent 4552 gold pieces at shops.
You paid 5871 gold pieces to Gozag.

Inventory:

Jewellery
 a - a ring of positive energy
 b - a ring of protection from fire
 c - a +4 ring of evasion
 d - a ring of wizardry
 g - an amulet of magic regeneration
 o - an amulet of regeneration (around neck)
 p - an amulet of reflection
 s - a ring of willpower
 t - a +6 ring of intelligence (left paw)
 v - a +6 ring of strength
 z - a ring of flight
 F - a ring of magical power
 G - a +4 ring of slaying
 K - a ring of protection from fire
 L - a ring of ice
 Q - a +6 ring of dexterity
 S - a ring of poison resistance
 Z - a ring of magical power (right paw)
Wands
 e - a wand of mindburst (13)
 i - a wand of digging (13)
 B - a wand of paralysis (8)
 T - a wand of flame (6)
 U - a wand of roots (2)
Scrolls
 f - 2 scrolls of teleportation
 k - a scroll of silence
 l - a scroll of acquirement
 n - 2 scrolls of magic mapping
 r - 4 scrolls of fog
 A - 7 scrolls of vulnerability
 C - 5 scrolls of amnesia
 D - a scroll of poison
 N - 2 scrolls of torment
 V - a scroll of immolation
Potions
 h - 2 potions of attraction
 j - 2 potions of cancellation
 m - 7 potions of mutation
 q - 3 potions of flight
 u - 8 potions of haste
 w - 6 potions of brilliance
 x - 4 potions of might
 H - 7 potions of curing
 I - 4 potions of lignification
 J - 7 potions of ambrosia
 O - 3 potions of heal wounds
 P - a potion of invisibility
 W - 2 potions of berserk rage
 X - a potion of magic
Miscellaneous
 y - a tin of tremorstones (2/2)
 E - a box of beasts
 M - a lightning rod (4/4)


   Skills:
 + Level 16.2 Fighting
 + Level 20.4 Dodging
 - Level 2.7 Stealth
 + Level 13.7 Spellcasting
 - Level 5.0 Hexes
 + Level 17.1 Summonings
 - Level 5.0 Translocations
 + Level 7.1 Transmutations
 - Level 5.0 Fire Magic
 - Level 6.8 Air Magic


You had 6 spell levels left.
You knew the following spells:

 Your Spells              Type           Power      Damage    Failure   Level
a - Summon Small Mammal   Summ           100%       N/A       1%          1
b - Call Imp              Summ           100%       N/A       1%          2
c - Call Canine Familiar  Summ           100%       N/A       1%          3
d - Summon Guardian Gole  Hex/Summ       92%        N/A       1%          3
e - Summon Lightning Spi  Summ/Air       95%        N/A       1%          4
f - Mephitic Cloud        Conj/Pois/Air  51%        N/A       9%          3
g - Summon Forest         Summ/Tloc      46%        N/A       3%          5
h - Summon Hydra          Summ           55%        N/A       6%          7
i - Passage of Golubria   Tloc           66%        N/A       10%         4
j - Apportation           Tloc           100%       N/A       2%          1
k - Inner Flame           Hex/Fire       66%        N/A       4%          3

Your spell library contained the following spells:

 Spells                   Type           Power      Damage    Failure   Level
 Slow                     Hex            100%       N/A       2%          1
 Blink                    Tloc           100%       N/A       2%          2
 Passwall                 Tmut/Erth      48%        N/A       3%          2
 Summon Ice Beast         Ice/Summ       82%        N/A       3%          4
 Static Discharge         Conj/Air       57%        3-11/arc  4%          2
 Confusing Touch          Hex            66%        N/A       4%          3
 Gell's Gravitas          Tloc           66%        N/A       4%          3
 Lesser Beckoning         Tloc           66%        N/A       4%          3
 Teleport Other           Tloc           66%        N/A       4%          3
 Tukima's Dance           Hex            66%        N/A       4%          3
 Magic Dart               Conj           100%       1d8       8%          1
 Necrotise                Necr           100%       1d9       8%          1
 Sandblast                Erth           60%        2d14      8%          1
 Ice Form                 Ice/Tmut       58%        N/A       14%         4
 Petrify                  Tmut/Erth      58%        N/A       14%         4
 Yara's Violent Unravell  Hex/Tmut       35%        3d14      14%         5
 Frozen Ramparts          Ice            60%        1d10      19%         3
 Ozocubu's Armour         Ice            30%        N/A       19%         3
 Vampiric Draining        Necr           30%        2d8       19%         3
 Flame Wave               Conj/Fire      52%        2d13      21%         4
 Fulminant Prism          Conj/Hex       26%        3d14      21%         4
 Sticky Flame             Conj/Fire      52%        2d7       21%         4
 Manifold Assault         Tloc           66%        N/A       21%         5
 Alistair's Intoxication  Tmut/Pois      38%        N/A       32%         5
 Dispel Undead            Necr           30%        3d14      43%         4
 Hailstorm                Conj/Ice       30%        3d8       43%         4
 Fireball                 Conj/Fire      26%        3d12      43%         5
 Metabolic Englaciation   Hex/Ice        26%        N/A       43%         5
 Dispersal                Tloc           33%        N/A       65%         6
 Agony                    Necr           30%        N/A       75%         5
 Eringya's Noxious Bog    Tmut/Pois      29%        N/A       82%         6
 Statue Form              Tmut/Erth      38%        N/A       82%         6
 Starburst                Conj/Fire      26%        6d8       92%         6
 Summon Horrible Things   Summ           55%        N/A       30%         8
 Malign Gateway           Summ/Tloc      46%        N/A       41%         7
 Haunt                    Necr/Summ      41%        N/A       73%         7
 Ozocubu's Refrigeration  Ice            15%        4d10      100%        7
 Ignition                 Fire           33%        3d10      100%        8
 Simulacrum               Ice/Necr       Unusable   N/A       N/A         6

Dungeon Overview and Level Annotations

Branches:
Dungeon (15/15)            Temple (1/1) D:4            Lair (5/5) D:10
  Swamp (4/4) Lair:2        Snake (4/4) Lair:3        Slime (0/5) Lair:5
    Orc (2/2) D:9             Elf (0/3) Orc:2        Vaults (0/5) D:14
 Depths (0/4) D:15         Bailey (visited)

Altars:
Ashenzari
Cheibriados
Dithmenos
Elyvilon
Fedhas
Gozag
Hepliaklqana
Kikubaaqudgha
Makhleb
Nemelex Xobeh
Okawaru
Qazlal
Ru
Sif Muna
Trog
Uskayaw
Vehumet
Wu Jian
Xom
Yredelemnul
Zin
The Shining One
Jiyva

Shops:
D:8 (   D:9 :*::*   D:14 =*   D:15 :   Orc:1 *   Orc:2 **:(   Snake:2 :?*::!
Snake:3 *   Snake:4 (

Portals:
Pandemonium: Orc:2

Annotations:
D:11 1 runed translucent door, Wentworth's ghost, journeyman VSIE
Swamp:3 1 runed translucent door, mdk's ghost, adept MiHu
Snake:3 1 runed translucent door, Cheops's ghost, adept DrCj


Innate Abilities, Weirdness & Mutations

You have sharp claws.
You have razor-sharp teeth.
You have supernaturally acute eyesight. (SInv)
You cover ground quickly. (Speed+)
Your thick and shaggy fur keeps you warm. (AC +3, rC+)
Your paws help you pounce on unaware monsters.
You are incapable of wielding weapons or throwing items.
You cannot wear armour.
You gain extra lives every three experience levels.
You are robust. (+10% HP)
Your muscles are strong. (Str +4, Int/Dex -1)
Your spells are harder to cast, but more powerful.


Message History

You scratch the nameless horror.
You destroy the nameless horror!
That felt strangely unrewarding.
Roots burst forth from the earth!
The grasping roots grab you! The grasping roots constrict you!
A swamp drake comes into view.
The swamp drake roars!
You scratch the shambling mangrove but do no damage.
Your unstable footing causes you to fumble your attack.
The shambling mangrove completely misses you.
The grasping roots constrict you. The swamp drake breathes poison at you.
The noxious blast engulfs you but does no damage.
You resist.
Your magical contamination has completely faded away.
You scratch the shambling mangrove but do no damage.
Your unstable footing causes you to fumble your attack.
The shambling mangrove completely misses you.
The grasping roots constrict you!
Your unstable footing causes you to fumble your attack.
The swamp drake completely misses you.
Your unstable footing causes you to fumble your attack.
The shambling mangrove barely misses you.
The grasping roots constrict you!
* * * LOW HITPOINT WARNING * * *
Your unstable footing causes you to fumble your attack.
You are no longer berserk.
You are exhausted.
You feel yourself slow down. The swamp drake barely misses you.
Okay, then.
Casting: Summon Forest (dangerous; 3% risk of failure)
Press: ? - help, Q - select action, (/) - cycle Dir - look around, f - activate A forested plane collides here with a resounding crunch!
Your dryad calls out to the forest.
The forest starts to sway and rumble!
The swamp drake barely misses you.
The shambling mangrove completely misses you.
The grasping roots constrict you!!
You die...
Your body crumbles into a pile of gold.

****,~* **,~~.* ****,~~,,*
*,,~~~* **,,,,,~,,*** ♣♣♣~,~*
*~,~~~,,,,,~* ♣♣~~♣♣**
*~~~~~~,,,~♣** *~.~.♣♣
*,~~~~~,~♣♣♣~♣♣♣♣♣♣♣♣♣♣♣♣...~♣♣♣♣
*~~~~~~,,...~........§~.....)~~..
,~~~~~~,~~~~..~f.~R.§.~~~~~~~$~§~
,~~~~~~~~~~~.~.♣@kk...~~~~~~~≈~~~
,~~,~~~,~~~.~♣*♣♣♣~..~§~~~~~♣≈~~~
***,,,,~~~..** #♣♣.~~~~.~~~≈≈≈~
*~~,,,~~~~******* #♣§..~~~~~~.≈~
**,,<~~~,****,,,***#♣~§~~~~~~~~~
*~,,~~~~***,,,,,,,**♣~~~~~k~~~~~
*~,,~~~~**,,,,,,,,,*#♣~~~~~~~~..
*,~~~~~***,,,,,,,,,**♣.~k~~~~.♣♣
*,,,,~~***,,,,,,,,,*♣~~~~~~~~~.*


You could see a shambling mangrove, 2 swamp drakes and a friendly dryad
(summoned).

Vanquished Creatures
  A nagaraja (Snake:4)
  An eleionoma (Swamp:4)
  An anaconda (Snake:1)
  2 naga warriors (Snake:4)
  2 shock serpents (Snake:4)
  A tengu warrior (D:14)
  2 death yaks (Lair:5)
  A naga sharpshooter (Snake:4)
  An orc high priest (Orc:2)
  An orc knight (Orc:2)
  A naga mage (Snake:2)
  An elephant (Lair:5)
  A black mamba (Snake:1)
  A guardian serpent (Snake:4)
  A torpor snail (Lair:5)
  A tengu conjurer (D:14)
  A blink frog (Lair:1)
  4 nameless horrors
  2 wraiths (D:12)
  2 nagas
  4 electric eels
  Natasha (D:4)
  An orc (D:7)
  A bat (D:1)
  2 goblins
  A ball python (D:4)
  2 kobolds
40 creatures vanquished.

Vanquished Creatures (collateral kills)
  Rupert (D:15)
  A tentacled monstrosity (Swamp:2)
  Asterion (Snake:4)
  A sphinx (D:15)
  Frances (D:12)
  14 nagarajas
  A fire giant (D:15)
  3 ghouls (Swamp:4)
  Aizul (Snake:2)
  Louise (Snake:4)
  The ghost of PorkyPig the Thaumaturge, a journeyman DrCj of Vehumet (Lair:4)
  2 green draconians (Swamp:2)
  Nessos (Lair:3)
  4 eleionomae
  A minotaur (Lair:4)
  A dire elephant (D:15)
  4 bunyips
  Snorg (D:13)
  Josephine (D:12)
  17 hydras
  4 boulder beetles
  6 centaur warriors
  2 ice dragons
  3 two-headed ogres
  3 demonspawn (Orc:2)
  5 anacondas
  2 ghost crabs
  A catoblepas (Lair:4)
  A merfolk avatar (Lair:5)
  7 alligators
  2 salamander tyrants (Snake:4)
  18 naga warriors
  7 death yaks (Lair:5)
  Urug (Orc:1)
  10 naga sharpshooters (Snake:4)
  7 shock serpents
  A thrashing horror (Abyss:3)
  8 orc high priests
  2 goliath frogs
  4 salamander mystics
  2 spriggan druids
  A deep troll (Orc:2)
  A sixfirhy (Orc:2)
  3 naga ritualists (Snake:4)
  8 sea snakes
  5 bog bodies
  4 swamp dragons
  A necromancer (D:14)
  A deep elf zephyrmancer (D:15)
  6 orc sorcerers
  A wolf spider (D:15)
  13 salamanders
  A harpy (Lair:4)
  5 orc knights
  4 ugly things (D:14)
  6 mana vipers
  5 cyclopes
  A manticore (D:15)
  2 will-o-the-wisps
  A worldbinder (Lair:4)
  19 elephants
  21 black mambas
  5 guardian serpents
  21 naga magi
  A gargoyle (D:13)
  An unseen horror (D:13)
  9 cane toads
  2 rime drakes (Lair:3)
  7 komodo dragons
  A red devil (Orc:2)
  A tengu conjurer (D:13)
  2 trolls
  A bloated husk (Swamp:2)
  A wind drake (Lair:5)
  2 polar bears
  3 tyrant leeches
  21 nameless horrors
  8 hornets
  6 slime creatures
  A small abomination (Lair:4)
  A snapping turtle (Lair:5)
  3 blink frogs
  6 spriggans
  A ynoxinul (Orc:2)
  A culicivora (shapeshifter) (D:13)
  A vampire (D:11)
  30 yaks
  A shadow (D:10)
  Sigmund (D:5)
  8 wyverns
  3 wraiths (D:12)
  3 basilisks
  A neqoxec (Orc:2)
  Eustachio (D:5)
  3 steam dragons
  14 vampire mosquitoes
  6 wargs
  42 nagas
  13 swamp worms
  An acid dragon (D:9)
  14 water moccasins
  2 black bears
  3 swamp drakes (Swamp:2)
  An ice beast (D:5)
  35 orc warriors
  9 wolves
  2 ogres
  11 centaurs
  3 phantoms
  10 kobold brigands
  10 bullfrogs
  5 necrophages
  3 gnoll sergeants
  A scorpion (D:3)
  7 wights
  25 killer bees
  6 howler monkeys
  A wyvern simulacrum (D:8)
  3 hounds
  28 orc priests
  A gnoll bouda (D:8)
  4 jellies
  Natasha (twice) (D:4)
  7 iguanas
  16 orc wizards
  Ijyb (D:3)
  A killer bee simulacrum (D:8)
  10 adders
  26 gnolls
  A howler monkey simulacrum (D:8)
  4 white imps (D:8)
  2 ufetubi
  A worm (D:3)
  3 dart slugs
  79 orcs
  3 bats (D:3)
  5 endoplasms
  2 giant cockroaches (D:4)
  11 goblins
  8 hobgoblins
  6 jackals
  8 quokkas
  11 ball pythons
  3 frilled lizards
  37 kobolds
  6 rats
  A bush (D:8)
934 creatures vanquished.

Vanquished Creatures (others)
  A death yak (Lair:5)
  A salamander mystic (Snake:4)
  2 orc knights
  2 mana vipers
  2 elephants (Lair:5)
  A manticore (Lair:5)
  A naga mage (Snake:4)
  5 cane toads
  A black mamba (Snake:4)
  Maggie (D:7)
  A queen bee (Lair:1)
  A wind drake (Lair:5)
  2 polar bears
  2 slime creatures (D:13)
  A shadow (D:11)
  A wraith (D:14)
  8 yaks
  Grum (D:8)
  A naga (Snake:4)
  A steam dragon (D:8)
  A swamp worm (Lair:2)
  An acid dragon (D:10)
  A water moccasin (D:8)
  Duvessa (D:4)
  An orc warrior (Bailey)
  2 ice beasts
  2 wolves (D:8)
  A bullfrog (Lair:2)
  Dowan (D:4)
  2 killer bees (Lair:1)
  An orc priest (D:4)
  An orc wizard (D:4)
  3 orcs (D:5)
  2 foxfires (Swamp:3)
  39 fungi
  95 plants
  11 snaplasher vines
201 creatures vanquished.

Grand Total: 1175 creatures vanquished

Notes
Turn   | Place    | Note
-------+----------+-------------------------------------------
     0 | D:1      | croobank the Felid Summoner began the quest for the Orb.
     0 | D:1      | Reached XP level 1. HP: 7/7 MP: 4/4
   262 | D:1      | Reached skill level 3 in Dodging
   264 | D:1      | Reached XP level 2. HP: 12/12 MP: 3/6
   267 | D:1      | Learned a level 2 spell: Call Imp
  1081 | D:1      | Reached skill level 1 in Fighting
  1523 | D:2      | Reached XP level 3. HP: 15/15 MP: 2/7
  1578 | D:2      | Learned a level 3 spell: Call Canine Familiar
  1811 | D:2      | Reached XP level 4. HP: 19/19 MP: 2/9
  2369 | D:2      | Found a blossoming altar of Fedhas.
  2728 | D:3      | Reached skill level 4 in Dodging
  2865 | D:3      | Found a shimmering altar of Xom.
  2943 | D:3      | Noticed Ijyb
  3188 | D:3      | Reached XP level 5. HP: 22/22 MP: 2/10
  3192 | D:3      | Learned a level 3 spell: Summon Guardian Golem
  3417 | D:3      | Reached skill level 1 in Hexes
  3518 | D:4      | Found a staircase to the Ecumenical Temple.
  3669 | D:4      | Reached skill level 5 in Summonings
  3669 | D:4      | Gained mutation: You are covered in thick fur. (AC +2)
                  | [Felid growth]
  3669 | D:4      | Reached XP level 6. HP: 18/27 MP: 1/12
  3798 | Temple   | Entered the Ecumenical Temple
  4085 | D:4      | Noticed Duvessa
  4101 | D:4      | Noticed Dowan
  4125 | D:4      | Killed Dowan
  4126 | D:4      | Reached skill level 5 in Dodging
  4133 | D:4      | Killed Duvessa
  4134 | D:4      | Reached XP level 7. HP: 16/31 MP: 3/13
  5075 | D:4      | Noticed Natasha
  5083 | D:4      | Killed Natasha
  5242 | D:4      | Noticed Natasha
  5251 | D:4      | Killed Natasha
  5486 | D:4      | Noticed Natasha
  5501 | D:4      | Killed Natasha
  5707 | D:5      | Entered Level 5 of the Dungeon
  5707 | D:5      | Noticed Sigmund
  5722 | D:5      | Noticed Eustachio
  5730 | D:4      | Learned a level 4 spell: Summon Lightning Spire
  5732 | D:5      | Noticed a nameless horror
  5797 | D:4      | Killed a nameless horror
  5938 | D:5      | Found a shimmering blue altar of Sif Muna.
  5966 | D:5      | Slain by an ogre
  5967 | D:5      | Reached XP level 6. HP: -4/28 MP: 1/13
  6230 | D:6      | Reached skill level 6 in Dodging
  6237 | D:6      | Noticed an ice beast
  6251 | D:6      | Reached XP level 7. HP: 31/31 MP: 6/14
  6341 | D:6      | Reached skill level 1 in Air Magic
  6870 | D:6      | Reached skill level 5 in Hexes
  7004 | D:6      | Reached XP level 8. HP: 36/36 MP: 9/16
  7342 | D:6      | Found an ornate altar of the Wu Jian Council.
  7513 | D:6      | Reached skill level 7 in Dodging
  7513 | D:6      | Reached skill level 5 in Spellcasting
  8234 | D:7      | Reached skill level 5 in Fighting
  8315 | D:6      | Mangled by a wyvern
  8316 | D:6      | Reached XP level 7. HP: -6/33 MP: 10/15
  8362 | D:6      | Killed a wyvern
  8575 | D:5      | Reached XP level 8. HP: 37/37 MP: 13/17
  8598 | D:5      | Killed Sigmund
  9117 | D:3      | Killed Ijyb
  9399 | D:5      | Reached skill level 8 in Dodging
  9429 | D:5      | Killed Eustachio
 10017 | D:5      | Reached XP level 9. HP: 38/41 MP: 10/18
 11006 | D:7      | Noticed Maggie
 11016 | D:7      | Killed Maggie
 11493 | D:8      | Reached skill level 9 in Dodging
 11581 | D:8      | Noticed Grum
 11619 | D:8      | Killed Grum
 11806 | D:8      | Found an opulent altar of Gozag.
 11808 | D:8      | Found a shadowy altar of Dithmenos.
 11818 | D:8      | Found a hide-covered altar of Uskayaw.
 11825 | D:8      | Became a worshipper of Gozag Ym Sagoz the Greedy
 11868 | D:8      | Found Haifos's Antique Weapon Shop.
 12090 | D:8      | Found a flagged portal.
 12112 | Bailey   | Entered a bailey
 12117 | Bailey   | Learned a level 3 spell: Mephitic Cloud
 12380 | Bailey   | Noticed an orc knight
 12399 | Bailey   | Killed an orc knight
 12400 | Bailey   | Reached skill level 5 in Air Magic
 12400 | Bailey   | Reached XP level 10. HP: 46/46 MP: 2/21
 12522 | Bailey   | Found a bloodstained altar of Trog.
 13536 | D:9      | Found Tuttoiz's Book Shoppe.
 13539 | D:9      | Bought a Fen Folio for 630 gold pieces
 13539 | D:9      | Bought a book of Touch for 390 gold pieces
 13560 | D:9      | Found a glowing silver altar of Zin.
 13733 | D:9      | Reached skill level 10 in Dodging
 13736 | D:9      | Reached skill level 1 in Translocations
 13793 | D:9      | Found a staircase to the Orcish Mines.
 13998 | D:9      | Found Hoemupor's Self-Improvement Boutique.
 14773 | D:10     | Entered Level 10 of the Dungeon
 14788 | D:10     | Found a bloodstained altar of Trog.
 15178 | D:10     | Found a hazy altar of Hepliaklqana.
 15195 | D:10     | Noticed a two-headed ogre
 15208 | D:10     | Found a staircase to the Lair.
 15211 | D:10     | Killed a two-headed ogre
 15277 | D:10     | Reached XP level 11. HP: 50/50 MP: 14/23
 15876 | Lair:1   | Entered Level 1 of the Lair of Beasts
 16209 | Lair:1   | Noticed a seven-headed hydra
 16234 | Lair:1   | Killed a seven-headed hydra
 16839 | Lair:1   | Reached skill level 11 in Dodging
 16839 | Lair:1   | Reached skill level 5 in Translocations
 17754 | Lair:1   | Got Qosontoh's Writings on Summoned Terra Firma
 17768 | Lair:1   | Learned a level 5 spell: Summon Forest
 18076 | Lair:2   | Noticed a five-headed hydra
 18229 | Lair:2   | Killed a five-headed hydra
 18232 | Lair:2   | Gained mutation: Your thick and shaggy fur keeps you warm.
                  | (AC +3, rC+) [Felid growth]
 18232 | Lair:2   | Reached XP level 12. HP: 47/56 MP: 8/25
 18391 | Lair:2   | Reached skill level 12 in Dodging
 18391 | Lair:2   | Reached skill level 10 in Summonings
 19226 | Lair:2   | You fall into a shaft and drop 2 floors!
 19261 | Lair:3   | Learned a level 7 spell: Summon Hydra
 19870 | Lair:3   | Reached skill level 13 in Dodging
 20426 | Lair:3   | Found a staircase to the Snake Pit.
 20499 | Lair:3   | Noticed Nessos
 20521 | Lair:3   | Killed Nessos
 20522 | Lair:3   | Reached skill level 10 in Fighting
 20719 | Lair:4   | Found a runed translucent gate.
 20720 | Lair:4   | Found a runed translucent gate.
 20721 | Lair:4   | Found a runed translucent gate.
 20727 | Lair:4   | Noticed a minotaur
 20807 | Lair:4   | Noticed PorkyPig's ghost (journeyman DrCj)
 20913 | Lair:4   | Noticed a four-headed hydra
 20921 | Lair:4   | Killed a four-headed hydra
 20965 | Lair:4   | Noticed a six-headed hydra
 20977 | Lair:4   | Noticed a boulder beetle
 21006 | Lair:4   | Killed a six-headed hydra
 21010 | Lair:4   | Killed a boulder beetle
 21231 | Lair:4   | Reached XP level 13. HP: 62/62 MP: 17/27
 21404 | Lair:4   | Reached skill level 10 in Spellcasting
 22059 | Lair:5   | Entered Level 5 of the Lair of Beasts
 22066 | Lair:5   | Reached skill level 14 in Dodging
 23060 | Lair:4   | Killed a minotaur
 23072 | Abyss:2  | Cast into level 2 of the Abyss (PorkyPig's ghost)
 23087 | Abyss:3  | Reached skill level 15 in Dodging
 23117 | Abyss:3  | Noticed a starcursed mass
 23118 | Abyss:3  | Noticed a merfolk javelineer
 23202 | Lair:4   | Escaped the Abyss
 23471 | Lair:4   | Killed PorkyPig's ghost
 24149 | Lair:5   | Reached XP level 14. HP: 69/69 MP: 3/29
 24677 | Lair:5   | Found a viscous altar of Jiyva.
 24677 | Lair:5   | Found a staircase to the Slime Pits.
 24984 | Lair:5   | Reached skill level 16 in Dodging
 25532 | D:9      | Learned a level 4 spell: Passage of Golubria
 25537 | D:9      | Bought a potion of heal wounds for 60 gold pieces
 25540 | D:9      | Bought a Grand Grimoire for 408 gold pieces
 25554 | Orc:1    | Entered Level 1 of the Orcish Mines
 25845 | Orc:1    | Found Vudwoufo's Assorted Antiques.
 25864 | Orc:1    | Noticed Urug
 25884 | Orc:1    | Killed Urug
 26444 | Orc:2    | Entered Level 2 of the Orcish Mines
 26968 | Orc:2    | Found a staircase to the Elven Halls.
 27049 | Orc:2    | Found Cessi's General Store.
 27693 | Orc:2    | Found Tiboelog's General Store.
 28019 | Orc:2    | Bought a potion of magic for 120 gold pieces
 28019 | Orc:2    | Bought a ring of poison resistance for 300 gold pieces
 28019 | Orc:2    | Bought a potion of curing for 45 gold pieces
 28021 | Orc:2    | Bought a wand of flame (11) for 107 gold pieces
 28021 | Orc:2    | Bought a potion of brilliance for 56 gold pieces
 29190 | Orc:2    | Reached skill level 17 in Dodging
 29593 | Orc:2    | Found Oxa Gem's Antique Weapon Emporium.
 29593 | Orc:2    | Found Bodarrut's Book Shoppe.
 29734 | Orc:2    | Found a one-way gate leading to the halls of Pandemonium.
 29745 | Orc:2    | Bought a book of Party Tricks for 208 gold pieces
 29747 | Orc:2    | Learned a level 1 spell: Apportation
 30218 | Snake:1  | Entered Level 1 of the Snake Pit
 30253 | Snake:1  | Reached XP level 15. HP: 74/74 MP: 9/31
 31854 | Snake:2  | Found Akeamm's Assorted Antiques.
 32094 | Snake:2  | Bought a potion of heal wounds for 165 gold pieces
 32094 | Snake:2  | Bought a potion of curing for 99 gold pieces
 32094 | Snake:2  | Bought a bubbling brown potion for 29 gold pieces
 32218 | Snake:2  | Noticed a nagaraja
 32228 | Snake:2  | Killed a nagaraja
 32506 | Snake:2  | Noticed Aizul
 32519 | Snake:2  | Killed Aizul
 33457 | Snake:2  | Reached skill level 18 in Dodging
 33653 | Snake:2  | Found Zimixzal's Magic Scroll Shop.
 33661 | Snake:2  | Bought a scroll of teleportation for 42 gold pieces
 33661 | Snake:2  | Bought a scroll of teleportation for 42 gold pieces
 33661 | Snake:2  | Bought a scroll of blinking for 105 gold pieces
 33661 | Snake:2  | Bought a scroll of summoning for 133 gold pieces
 33752 | Snake:2  | Found Riudoudd's Distillery.
 33753 | Snake:2  | Found Byathrirph's Book Emporium.
 33767 | Snake:2  | Bought a potion of berserk rage for 70 gold pieces
 33767 | Snake:2  | Bought a potion of curing for 42 gold pieces
 33767 | Snake:2  | Bought a potion of curing for 42 gold pieces
 33785 | Snake:2  | Found Biexa's Book Shoppe.
 33790 | Snake:2  | Bought Loemesko's Reference Book on Scorched Jinxing for
                  | 420 gold pieces
 33794 | Snake:2  | Learned a level 3 spell: Inner Flame
 34260 | Snake:2  | Found Miolaon's Vocational Training.
 34523 | Snake:3  | Reached skill level 1 in Fire Magic
 35189 | Snake:3  | Noticed Cheops's ghost (adept DrCj)
 35192 | Snake:3  | Found a runed translucent door.
 35230 | Snake:3  | Found Riot's Assorted Antiques.
 35243 | Snake:3  | Bought a scroll of magic mapping for 292 gold pieces
 35243 | Snake:3  | Bought a scroll labelled FOQOL ZASTRAXE for 39 gold pieces
 35529 | Snake:4  | Entered Level 4 of the Snake Pit
 35556 | Snake:4  | Noticed Asterion
 35572 | Snake:4  | Killed Asterion
 35894 | Snake:4  | Found a burning altar of Makhleb.
 36217 | Snake:4  | Found Paadiel's Antique Weapon Shoppe.
 36249 | Snake:4  | Noticed a nagaraja
 36251 | Snake:4  | Noticed a nagaraja
 36254 | Snake:4  | Killed a nagaraja
 36267 | Snake:4  | Killed a nagaraja
 36548 | Snake:4  | Reached XP level 16. HP: 79/80 MP: 18/33
 36560 | Snake:4  | HP: 1/80 [salamander/+0 vorpal trident (4)]
 36560 | Snake:4  | Shot with an arrow by a salamander
 36561 | Snake:4  | Reached XP level 15. HP: -10/76 MP: 14/32
 36908 | Snake:4  | Noticed a nagaraja
 36913 | Snake:4  | Identified the +9 long sword of Annoyance {vorpal, rElec
                  | rF+++ Int-3 Dex+4}
 36918 | Snake:4  | Killed a nagaraja
 36937 | Snake:4  | Noticed Louise
 37047 | Snake:4  | Noticed a nagaraja
 37474 | Snake:4  | Killed from afar by a nagaraja
 37475 | Snake:4  | Reached XP level 14. HP: -13/72 MP: 6/31
 37938 | Snake:4  | Reached skill level 15 in Summonings
 38454 | Snake:4  | Noticed a nagaraja
 38468 | Snake:4  | Killed a nagaraja
 38498 | Snake:4  | Noticed a nagaraja
 38513 | Snake:4  | Killed a nagaraja
 38585 | Snake:4  | Reached skill level 19 in Dodging
 39137 | Snake:4  | Noticed a nagaraja
 39149 | Snake:4  | Killed a nagaraja
 39150 | Snake:4  | Reached skill level 5 in Fire Magic
 39229 | Snake:4  | Killed Louise
 39230 | Snake:4  | Reached skill level 15 in Fighting
 39539 | Snake:4  | Noticed a nagaraja
 39546 | Snake:4  | Killed a nagaraja
 39597 | Snake:4  | Noticed a nagaraja
 39602 | Snake:4  | Killed a nagaraja
 39815 | Snake:4  | Noticed a nagaraja
 39827 | Snake:4  | Killed a nagaraja
 39828 | Snake:4  | Reached XP level 15. HP: 77/77 MP: 1/32
 40052 | Snake:4  | Identified the +10 long sword of War {venom, Dex+5 Stlth+}
 40229 | Snake:4  | Noticed a nagaraja
 40242 | Snake:4  | Killed a nagaraja
 40348 | Snake:4  | Reached skill level 1 in Transmutations
 40549 | Snake:4  | Noticed a nagaraja
 40558 | Snake:4  | Killed a nagaraja
 40810 | Snake:4  | Noticed a nagaraja
 40814 | Snake:4  | Identified a scroll of acquirement
 40820 | Snake:4  | Killed a nagaraja
 40951 | Snake:4  | Noticed a nagaraja
 40963 | Snake:4  | Killed a nagaraja
 41064 | Snake:4  | Noticed a nagaraja
 41071 | Snake:4  | Killed a nagaraja
 41248 | Snake:4  | Got a serpentine rune of Zot
 41496 | Orc:2    | Bought a book of Sloth for 468 gold pieces
 41618 | D:11     | Found a runed translucent door.
 41626 | D:11     | Found a shimmering altar of Xom.
 41626 | D:11     | Noticed Wentworth's ghost (journeyman VSIE)
 43066 | D:12     | Gained mutation: You are robust. (+10% HP) [potion of
                  | mutation]
 43066 | D:12     | Gained mutation: Your spells are a little harder to cast,
                  | but a little more powerful. [potion of mutation]
 43066 | D:12     | Gained mutation: Your muscles are strong. (Str +4, Int/Dex
                  | -1) [potion of mutation]
 43066 | D:12     | Gained mutation: Your spells are harder to cast, but more
                  | powerful. [potion of mutation]
 43138 | D:12     | Noticed Josephine
 43156 | D:12     | Killed Josephine
 43165 | D:12     | Noticed Frances
 43698 | D:12     | Killed Frances
 44748 | D:13     | Noticed Snorg
 44758 | D:13     | Killed Snorg
 46682 | D:14     | Found Hizipt's Assorted Antiques.
 46686 | D:14     | Bought a potion of magic for 240 gold pieces
 46717 | D:14     | Found Tamaon's Jewellery Emporium.
 47611 | D:14     | Found a gate to the Vaults.
 47702 | D:15     | Entered Level 15 of the Dungeon
 47792 | D:15     | Found Oxto's Book Shop.
 47897 | D:15     | Noticed Rupert
 47903 | D:15     | Killed Rupert
 48131 | D:15     | Noticed a fire giant
 48412 | D:15     | Killed a fire giant
 48413 | D:15     | Reached XP level 16. HP: 89/89 MP: 20/34
 48449 | D:15     | Noticed a sphinx
 48455 | D:15     | Killed a sphinx
 48979 | D:15     | Reached skill level 5 in Transmutations
 49040 | D:15     | Found a staircase to the Depths.
 50071 | Lair:2   | Found a staircase to the Swamp.
 50319 | Swamp:1  | Entered Level 1 of the Swamp
 51091 | Swamp:1  | Found a shimmering altar of Xom.
 51426 | Swamp:1  | Reached skill level 20 in Dodging
 51951 | Swamp:2  | Noticed a tentacled monstrosity
 51958 | Swamp:2  | Killed a tentacled monstrosity
 54626 | Swamp:3  | Identified the +2 leather armour "Sibruag" {+Inv Will+
                  | Int+3}
 54630 | Swamp:3  | Found a runed translucent door.
 54631 | Swamp:3  | Noticed mdk's ghost (adept MiHu)
 54799 | Swamp:4  | Entered Level 4 of the Swamp
 55248 | Swamp:4  | Constricted to death by a shambling mangrove

Illustrated notes

Levels and vault maps discovered:
D:1:      dpeg_arrival_renting, layout_loops_ring,
          chequers_serial_rivers_micro_c, minmay_strange_pillars,
          minmay_misc_feat_five, amcnicky_mini_pool_small
D:2:      layout_basic, basic_altar
D:3:      layout_basic, xom_teletrap_fun, uniq_ijyb
D:4:      layout_rooms, minmay_temple_entry_overgrown, uniq_duvessa,
          uniq_natasha
D:5:      layout_gridville, amcnicky_altar_gilded, uniq_eustachio, uniq_sigmund
D:6:      layout_gridville, nzn_wu_jian_contemplation, st_stairs_9
D:7:      corexii_shantytown, layout_rooms, small_statue_intersection,
          minmay_misc_feat_chi, uniq_maggie
D:8:      layout_basic, gammafunk_temple_overflow_forgotten, serial_shops, shop,
          enter_bailey_2, serial_ice, serial_ice_k, serial_ice_m, serial_ice_a,
          serial_ice_e, uniq_grum
D:9:      layout_grid_maze, old_standard_altar, david_orc_2,
          nicolae_stop_n_shop_2, minmay_misc_feat_tower, nicolae_shop_self_help
D:10:     layout_rooms, mainiacjoe_overflow_six_doors_small, trog_book,
          lair_entry_dummy, minmay_crystal_water, statue_in_the_mist_lemuel
D:11:     layout_loops_ring, ebering_ghost_xom, nzn_life_drinkers
D:12:     layout_loops_ring, uniq_josephine, uniq_frances
D:13:     layout_roguey, grunt_ministairs_11, uniq_snorg
D:14:     layout_roguey, david_vaults_4, serial_shops, shop, shop,
          chequers_hall_statues_y, onia_ninara_dug_in_and_dangerous
D:15:     hangedman_depths_entry_try_elsewhere_first, layout_rooms,
          serial_shops, nicolae_shop_window_shopping, small_statue_intersection,
          minmay_checkered_concentric_circles, uniq_rupert
Temple:   dshaligram_water_room_temple
Lair:1:   layout_cave_pods, special_room [special_room_bee], serial_bayou_pond_a
Lair:2:   layout_roguey, palyth_hydra_swamp_entry, minmay_stone_trees_large,
          serial_bayou_pond_e
Lair:3:   layout_roguey, minmay_snake_entry_guardpost_medium,
          grunt_megastairs_5, uniq_nessos
Lair:4:   layout_regular_city, maelrawn_ghost_gauntlet_escape,
          nicolae_lair_lil_pond, grunt_megastairs_4
Lair:5:   gammafunk_lair_ancient_temple, layout_loops_ring, slime_entry_1
Swamp:1:  layout_basic_swamp, nicolae_swamp_godswood
Swamp:2:  layout_basic_swamp, evilmike_swamp_ruin_house_5, swamp_pool1,
          hangedman_swamp_dais
Swamp:3:  layout_basic_swamp, ebering_ghost_inner_flame,
          nicolae_swamp_feature_on_the_river_bank, swamp_pool2,
          hangedman_swamp_blocks
Swamp:4:  swamp, layout_basic_swamp, gammafunk_ghost_berserking_beasts
Snake:1:  layout_concentric_octagons, nicolae_snake_springs
Snake:2:  layout_cave_town, serial_shops, nicolae_shop_behind_doors,
          nicolae_shop_behind_doors, nicolae_stop_n_shop_1,
          nicolae_shop_window_shopping, shop, nicolae_shop_vocational,
          uniq_aizul
Snake:3:  layout_misc_corridors, serial_shops, nicolae_stop_n_shop_2,
          hellmonk_ghost_happy_afterlife, nicolae_snake_snake_lake
Snake:4:  grunt_snake_rune_spirals, layout_onion_interference, serial_shops,
          shop, basic_altar, nicolae_snake_snakewalk, uniq_louise, uniq_asterion
Orc:1:    layout_diamond_mine, serial_shops, shop, uniq_urug
Orc:2:    pf_orc_diabolical, layout_caves, guppyfry_orc_lava_fort

Skill      XL: |  1  2  3  4  5  6  7  8  9 10 11 12 13 14 15 16 |
---------------+-------------------------------------------------+-----
Dodging        | 3 4 6 8 9 10 11 13 15 19 18 20 | 20.4
Fighting       | 1 2 3 4 5 6 7 8 10 12 15 14 16 | 16.2
Spellcasting   | 3 4 5 6 7 8 9 10 11 13 | 13.7
Hexes          | 2 3 5 |  5.0
Summonings     | 5 6 7 8 9 10 12 15 16 17 | 17.1
Air Magic      | 3 2 5 6 |  6.8
Translocations | 3 5 |  5.0
Fire Magic     | 5 3 |  5.0
Transmutations | 4 7 |  7.1
Stealth        | |  2.7

Action                   |  1- 3 |  4- 6 |  7- 9 | 10-12 | 13-15 | 16-18 || total
-------------------------+-------+-------+-------+-------+-------+-------++-------
Melee: Unarmed           |    13 |    19 |    74 |    17 |    87 |    25 ||   235
       Bite              |     2 |       |    15 |     3 |    19 |     1 ||    40
       Punch             |       |       |     2 |     1 |     3 |       ||     6
 Cast: Summon Small Mamm |    45 |    47 |    61 |    21 |    22 |     1 ||   197
       Call Imp          |    11 |    13 |    21 |     5 |    10 |       ||    60
       Call Canine Famil |     3 |    26 |    38 |    35 |    55 |     2 ||   159
       Summon Guardian G |       |     8 |    27 |    44 |    34 |     2 ||   115
       Summon Lightning  |       |       |    51 |    89 |   108 |    12 ||   260
       Mephitic Cloud    |       |       |     1 |       |     2 |       ||     3
       Summon Forest     |       |       |       |     6 |    51 |    13 ||    70
       Summon Hydra      |       |       |       |       |   333 |    99 ||   432
       Inner Flame       |       |       |       |       |    18 |       ||    18
       Passage of Golubr |       |       |       |       |       |     1 ||     1
Invok: Potion Petition   |       |       |       |       |     5 |     3 ||     8
       Call Merchant     |       |       |       |       |     3 |       ||     3
Evoke: Wand              |       |       |     4 |     2 |    41 |     9 ||    56
       Lightning rod     |       |       |       |       |    18 |       ||    18
       Box of beasts     |       |       |       |       |     3 |       ||     3
  Use: Scroll            |     8 |       |    16 |     2 |    25 |     5 ||    56
       Potion            |       |       |     5 |     3 |    18 |     1 ||    27
 Stab: Distracted        |       |       |     1 |     1 |     4 |     1 ||     7
       Sleeping          |       |       |     4 |       |       |       ||     4
       Confused          |       |       |       |       |     1 |       ||     1
       Invisible         |       |       |       |       |     1 |       ||     1
Armor: Skin              |       |     3 |    12 |    11 |    15 |     1 ||    42
Dodge: Dodged            |    13 |    37 |   177 |   173 |   610 |   134 ||  1144
